 Dungeon Crawl Stone Soup version 0.22.1-2-g9c5b331 (webtiles) character file.

49 WarriorsX the Covered (level 4, -1/35 HPs)
             Began as a Human Fighter on Dec 11, 2018.
             Was an Initiate of Elyvilon.
             Slain by an adder (2 damage)
             ... on level 2 of the Dungeon.
             The game lasted 00:02:48 (714 turns).

WarriorsX the Covered (Human Fighter)                Turns: 714, Time: 00:02:49

Health: -1/35      AC:  6    Str: 18    XL:     4   Next: 1%
Magic:  4/4        EV: 10    Int: 13    God:    Elyvilon [......]
Gold:   32         SH:  0    Dex: 12    Spells: 3/3 levels left

rFire    . . .     SeeInvis .   a - +0 long sword
rCold    . . .     Gourm    .   (no shield)
rNeg     . . .     Faith    .   b - +0 scale mail
rPois    .         Spirit   .   (no helmet)
rElec    .         Reflect  .   (no cloak)
rCorr    .         Harm     .   (no gloves)
MR       .....                  (no boots)
Stlth    ..........             (no amulet)
HPRegen  0.11/turn              (no ring)
MPRegen  0.09/turn              (no ring)

@: brilliant, lethally poisoned (-1 -> -12)
A: no striking features
a: Renounce Religion


You were on level 2 of the Dungeon.
You worshipped Elyvilon.
Elyvilon was noncommittal.
You were not hungry.

You visited 1 branch of the dungeon, and saw 2 of its levels.

You collected 32 gold pieces.

Inventory:

Hand Weapons
 a - a +0 long sword (weapon)
Armour
 b - a +0 scale mail (worn)
 c - a +0 shield
Scrolls
 e - a scroll of remove curse {unknown}
 g - 2 scrolls of identify {unknown}
 h - a scroll of immolation {unknown}
 j - a scroll of fog {unknown}
 k - 4 scrolls of enchant weapon {unknown}
 l - a scroll of amnesia {unknown}
Potions
 d - 2 potions of might
 i - a potion of brilliance
Comestibles
 f - 4 rations


   Skills:
 + Level 3.1 Fighting
 * Level 3.0 Long Blades
 + Level 3.2 Armour
 * Level 1.1 Dodging
 + Level 3.1 Shields


You had 3 spell levels left.
You didn't know any spells.
Your spell library was empty.

Dungeon Overview and Level Annotations

Branches:
Dungeon (2/15)

Altars:
Elyvilon
Xom


Message History

You completely miss the adder.
The adder is heavily wounded.
You feel sick. The adder bites you.
You hit the adder but do no damage.
The adder is heavily wounded.
* * * LOW HITPOINT WARNING * * *
You feel sick. The adder closely misses you.
The adder bites you but does no damage.
You barely miss the adder.
The adder is heavily wounded.
* * * LOW HITPOINT WARNING * * *
You feel sick. The adder bites you.
* * * LOW HITPOINT WARNING * * *
The adder bites you.
* * * LOW HITPOINT WARNING * * *
It was a potion of brilliance.
You feel clever all of a sudden.
* * * LOW HITPOINT WARNING * * *
You feel sick. The adder bites you.
You die...

[. #....# #.##....#
######## #..#....#
#......# ##.#....#
#......# ........#
#......#### ........#
###.....<....
....##.#####.+..........
(....#.##.##.#......#
...#.#.##.##.##.@S.# .
####.^.##....##.##.#.#
##..##....##.##...#
###..##..#.##....###
#...>....#...†##.#
##.####.#.#.#### #
#.......#....
##....####### ####.#


You could see an adder.

Vanquished Creatures
  A worm (D:2)
  4 dart slugs (D:1)
  4 giant cockroaches
  4 goblins (D:1)
  3 hobgoblins (D:1)
  3 jackals (D:1)
  3 bats (D:1)
  4 frilled lizards
  6 kobolds
  4 rats (D:1)
36 creatures vanquished.

Vanquished Creatures (others)
  4 toadstools (D:1)
4 creatures vanquished.

Grand Total: 40 creatures vanquished

Notes
Turn   | Place    | Note
-------+----------+-------------------------------------------
     0 | D:1      | WarriorsX the Human Fighter began the quest for the Orb.
     0 | D:1      | Reached XP level 1. HP: 18/18 MP: 1/1
    44 | D:1      | Reached XP level 2. HP: 21/24 MP: 2/2
   123 | D:1      | Reached XP level 3. HP: 25/29 MP: 3/3
   184 | D:1      | Reached skill level 1 in Dodging
   551 | D:2      | Found a white marble altar of Elyvilon.
   560 | D:2      | Became a worshipper of Elyvilon the Healer
   624 | D:2      | Found a shimmering altar of Xom.
   698 | D:2      | Reached XP level 4. HP: 34/35 MP: 4/4
   714 | D:2      | HP: 1/35 [poisoned by an adder]
   714 | D:2      | Slain by an adder

Skill      XL: |  1  2  3 |
---------------+----------+-----
Dodging        | 1 |  1.1
Long Blades    | 3 |  3.0
Fighting       | |  3.1
Armour         | |  3.2
Shields        | |  3.1

Action                   |  1- 3 |  4- 6 || total
-------------------------+-------+-------++-------
Melee: Long sword        |    84 |    11 ||    95
  Use: Potion            |       |     1 ||     1
Armor: Scale mail        |    40 |     2 ||    42
Dodge: Dodged            |    43 |     9 ||    52
       Rpst.: Long sword |    18 |     1 ||    19
